 Dungeon Crawl Stone Soup version 0.23-a0-622-g59b4ea9c50 (webtiles) character file.

34188 Maize the Severer (level 13, -2/126 HPs)
             Began as a Minotaur Fighter on Dec 24, 2018.
             Was the Champion of Okawaru.
             Killed from afar by an ice dragon (49 damage)
             ... with a blast of cold
             ... on level 5 of the Lair of Beasts.
             The game lasted 00:32:21 (16224 turns).

Maize the Severer (Minotaur Fighter)               Turns: 16224, Time: 00:32:21

Health: -2/126     AC: 24    Str: 26    XL:     13   Next: 40%
Magic:  0/12       EV:  8    Int:  8    God:    Okawaru [******]
Gold:   596        SH:  0    Dex: 14    Spells: 12/12 levels left

rFire    . . .     SeeInvis .   a - +0 war axe
rCold    x . .     Gourm    .   (no shield)
rNeg     . . .     Faith    .   j - +0 plate armour
rPois    .         Spirit   +   o - +1 hat
rElec    .         Reflect  .   P - scarf {Spirit}
rCorr    .         Harm     .   m - +2 pair of gloves
MR       ++++.                  c - +2 pair of boots {Fly}
Stlth    ..........             N - amulet of guardian spirit
HPRegen  0.31/turn              z - ring "Boan Aruy" {*Corrode rC- MR+++ Int+3 Dex+4}
MPRegen  0.13/turn              p - ring of protection from magic

@: flying
A: retaliatory headbutt, horns 2
a: Heroism, Finesse, Renounce Religion, Stop Flying


You were on level 5 of the Lair of Beasts.
You worshipped Okawaru.
Okawaru was exalted by your worship.
You were hungry.

You visited 3 branches of the dungeon, and saw 16 of its levels.

You collected 868 gold pieces.
You spent 272 gold pieces at shops.

Inventory:

Hand Weapons
 a - a +0 war axe (weapon)
 H - a +1 hand axe of flaming
Missiles
 I - 3 throwing nets (quivered)
 M - 6 tomahawks of returning
Armour
 c - a +2 pair of boots of flying (worn)
 j - a +0 plate armour (worn)
 m - a +2 pair of gloves (worn)
 o - a +1 hat (worn)
 P - a scarf of spirit shield (worn)
Jewellery
 p - a ring of protection from magic (right hand)
 x - an uncursed ring of see invisible
 z - the ring "Boan Aruy" (left hand) {*Corrode rC- MR+++ Int+3 Dex+4}
   (You found it on level 4 of the Dungeon)

   [ring of intelligence]

   It affects your intelligence (+3).
   It affects your dexterity (+4).
   It makes you vulnerable to cold.
   It affects your resistance to hostile enchantments.
   It may corrode you when you take damage.
 N - an amulet of guardian spirit (around neck)
 R - an uncursed ring of protection from magic
Wands
 i - a wand of enslavement (9)
 v - a wand of clouds (7)
 D - a wand of digging (7)
 F - a wand of polymorph (9)
 L - a wand of paralysis (7)
 T - a wand of iceblast (19)
Scrolls
 e - 8 scrolls of teleportation
 n - 7 scrolls of remove curse
 u - 4 scrolls of blinking
 w - 4 scrolls of immolation
 y - a scroll of fear {unknown}
 A - 4 scrolls of enchant weapon
 C - 4 scrolls of magic mapping {unknown}
 E - 4 scrolls of amnesia
 K - a scroll of enchant armour {unknown}
 Q - a scroll of vulnerability {unknown}
 W - a scroll of fog {unknown}
 X - 2 scrolls of random uselessness {unknown}
Potions
 b - 5 potions of heal wounds
 d - 3 potions of might
 g - 3 potions of lignification
 h - 2 potions of agility {unknown}
 k - 4 potions of flight
 l - a potion of invisibility {unknown}
 q - a potion of cancellation {unknown}
 r - a potion of resistance {unknown}
 s - 5 potions of brilliance
 t - 3 potions of curing
 B - 2 potions of ambrosia {unknown}
 G - a potion of mutation {unknown}
 J - a potion of haste {unknown}
 S - a potion of magic {unknown}
 U - a potion of berserk rage {unknown}
Comestibles
 f - 36 rations
 O - 7 chunks of flesh


   Skills:
 * Level 15.1 Fighting
 + Level 17.3 Axes
 + Level 13.9 Armour
   Level 3.6 Shields


You had 12 spell levels left.
You didn't know any spells.
Your spell library contained the following spells:

 Spells                   Type           Power        Failure   Level  Hunger
 Animate Skeleton         Necr           N/A          97%         1    ##.....
 Magic Dart               Conj           #...         97%         1    ##.....
 Pain                     Necr           #...         97%         1    ##.....
 Sandblast                Erth           #.....       97%         1    ##.....
 Blink                    Tloc           N/A          99%         2    ###....
 Call Imp                 Summ           #.......     99%         2    ###....
 Passwall                 Tmut/Erth      #.......     99%         2    ###....
 Searing Ray              Conj           #.....       99%         2    ###....
 Slow                     Hex            #.......     99%         2    ###....
 Conjure Flame            Conj/Fire      #.......     100%        3    ####...
 Dazzling Spray           Conj/Hex       #.....       100%        3    ####...
 Mephitic Cloud           Conj/Pois/Air  #.......     100%        3    ####...
 Regeneration             Chrm/Necr      #.........   100%        3    ####...
 Stone Arrow              Conj/Erth      #.....       100%        3    ####...
 Vampiric Draining        Necr           #.........   100%        3    ####...
 Animate Dead             Necr           N/A          100%        4    #####..
 Force Lance              Conj/Tloc      #.......     100%        4    #####..
 Fulminant Prism          Conj/Hex       #.........   100%        4    #####..
 Iskenderun's Mystic Bla  Conj           #.......     100%        4    #####..
 Petrify                  Tmut/Erth      #.......     100%        4    #####..
 Lee's Rapid Deconstruct  Erth           #.........   100%        5    ######.


Dungeon Overview and Level Annotations

Branches:
Dungeon (10/15)            Temple (1/1) D:4            Lair (5/6) D:8
 Shoals (0/4) Lair:2        Snake (0/4) Lair:2
  Slime: Lair:5-6       Orc: D:9-12

Altars:
Ashenzari
Cheibriados
Dithmenos
Elyvilon
Fedhas
Gozag
Kikubaaqudgha
Makhleb
Nemelex Xobeh
Okawaru
Sif Muna
Trog
Wu Jian
Xom
The Shining One

Shops:
D:5 [

Portals:
Ice
Cave: Lair:5


Innate Abilities, Weirdness & Mutations

You reflexively headbutt those who attack you in melee.
You have a pair of horns on your head.


Message History

The ice dragon bites you but does no damage.
The ice dragon claws you but does no damage.
The ice dragon tramples you but does no damage.
Okay, then.
You feel much better. The ice dragon bites you.
* * * LOW HITPOINT WARNING * * *
The ice dragon claws you but does no damage.
The ice dragon tramples you but does no damage.
You slice the ice dragon!!
The ice dragon is almost dead.
The ice dragon bites you but does no damage.
The ice dragon claws you.
* * * LOW HITPOINT WARNING * * *
The ice dragon tramples you.
* * * LOW HITPOINT WARNING * * *
You hold your ground!
You feel much better. The ice dragon breathes frost at you.
The blast of cold hits you!
You feel a terrible chill!
You die... ######## #.P..#.# #......# ##.###.## ##.####.P# #.## #...### ....... ##@# #...#.# ...... #D# #....# ......(. #hk

##...## #
.......#
.h##
#...P#.#
.....#.##
... #.....#
..#.....###
....
#...###
..##.....P#
..∩. #...#
...#....P#
#.....
#..##
.÷.......##
#...#


You could see an ice dragon, a polar bear, a rime drake and a wolf.

Vanquished Creatures
  Gastronok (D:8)
  Harold (D:7)
  7 hydras
  A death yak (Lair:4)
  The ghost of hemabe the Charlatan, a novice HuAr (D:5)
  4 elephants (Lair:5)
  A manticore (Lair:2)
  Joseph (D:7)
  3 black mambas
  4 gargoyles (D:7)
  6 spiny frogs
  2 rime drakes
  8 komodo dragons
  A troll (D:10)
  7 hippogriffs
  8 blink frogs
  7 dream sheep
  A spriggan (Lair:4)
  2 wraiths (D:10)
  A human (D:8)
  Eustachio (D:4)
  14 yaks
  A hungry ghost (D:10)
  A basilisk (Lair:2)
  2 nagas (Lair:2)
  8 water moccasins
  3 porcupines
  5 orc warriors
  3 sky beasts
  2 ice beasts
  A black bear (D:10)
  An eye of draining (D:9)
  3 ogres
  2 phantoms (D:7)
  23 wolves
  A centaur (D:10)
  11 crocodiles
  5 big kobolds
  18 bullfrogs
  6 scorpions
  6 killer bees
  5 howler monkeys
  5 crimson imps
  2 centaur zombies
  2 jellies
  2 quasits
  2 bullfrog skeletons
  4 hounds
  10 orc priests
  17 orc wizards
  7 worker ants
  12 iguanas
  A worker ant zombie (D:5)
  8 adders
  17 gnolls
  2 shadow imps
  An ooze (D:3)
  2 adder skeletons
  5 worms
  4 dart slugs
  7 leopard geckos
  36 orcs
  3 bats
  6 giant cockroaches
  3 goblins (D:1)
  6 hobgoblins
  15 jackals
  29 kobolds
  6 quokkas
  8 frilled lizards
  A jackal skeleton (D:4)
  A leopard gecko zombie (D:8)
  A quokka zombie (D:6)
  8 rats
  2 fungi (Lair:2)
424 creatures vanquished.

Vanquished Creatures (others)
  2 fungi
  A plant (Lair:2)
3 creatures vanquished.

Grand Total: 427 creatures vanquished

Notes
Turn   | Place    | Note
-------+----------+-------------------------------------------
     0 | D:1      | Maize the Minotaur Fighter began the quest for the Orb.
     0 | D:1      | Reached XP level 1. HP: 19/19 MP: 0/0
   223 | D:1      | Reached XP level 2. HP: 26/27 MP: 1/1
   407 | D:1      | Reached skill level 3 in Axes
  1191 | D:2      | Reached XP level 3. HP: 33/33 MP: 2/2
  1284 | D:2      | Found a deep blue altar of Sif Muna.
  1327 | D:2      | Reached skill level 4 in Axes
  1330 | D:2      | Reached XP level 4. HP: 7/40 MP: 3/3
  2368 | D:3      | Reached XP level 5. HP: 47/47 MP: 4/4
  2434 | D:3      | Found a faded altar of an unknown god.
  2758 | D:3      | Reached skill level 5 in Axes
  2991 | D:4      | Reached skill level 5 in Armour
  3022 | D:4      | Reached skill level 5 in Fighting
  3035 | D:4      | Reached XP level 6. HP: 27/56 MP: 5/5
  3209 | D:4      | Reached skill level 6 in Axes
  3218 | D:4      | Found a staircase to the Ecumenical Temple.
  3229 | Temple   | Entered the Ecumenical Temple
  3255 | Temple   | Became a worshipper of Warmaster Okawaru
  3379 | D:4      | Noticed Eustachio
  3413 | D:4      | Killed Eustachio
  3413 | D:4      | Reached skill level 7 in Axes
  3413 | D:4      | Reached XP level 7. HP: 42/62 MP: 6/6
  3628 | D:4      | Found a bloodstained altar of Trog.
  3733 | D:4      | Got a bound wooden ring
  3734 | D:4      | Identified the ring "Boan Aruy" {*Corrode rC- MR+++ Int+3
                  | Dex+4} (You found it on level 4 of the Dungeon)
  3907 | D:5      | Entered Level 5 of the Dungeon
  3926 | D:5      | Reached * piety under Okawaru
  4087 | D:5      | Reached skill level 8 in Axes
  4310 | D:5      | Found Gompod's Antique Armour Boutique.
  4341 | D:5      | Reached XP level 8. HP: 71/71 MP: 7/7
  4663 | D:5      | Found a burning altar of Makhleb.
  4851 | D:5      | Reached skill level 9 in Axes
  4882 | D:5      | Found a runed door.
  4882 | D:5      | Noticed hemabe's ghost (novice HuAr)
  4930 | D:5      | Killed hemabe's ghost
  4930 | D:5      | Reached ** piety under Okawaru
  5129 | D:5      | Reached skill level 10 in Axes
  5562 | D:6      | Reached XP level 9. HP: 81/81 MP: 8/8
  5624 | D:6      | Found an ornate altar of the Wu Jian Council.
  6468 | D:7      | Reached *** piety under Okawaru
  6653 | D:7      | Reached skill level 11 in Axes
  6666 | D:7      | Noticed Joseph
  6682 | D:7      | Killed Joseph
  6894 | D:7      | Noticed Harold
  6922 | D:7      | Killed Harold
  6922 | D:7      | Reached **** piety under Okawaru
  6922 | D:7      | Reached skill level 12 in Axes
  6922 | D:7      | Reached XP level 10. HP: 32/91 MP: 9/9
  7226 | D:7      | Found a sparkling altar of Nemelex Xobeh.
  7417 | D:7      | Noticed a gargoyle
  7437 | D:7      | Killed a gargoyle
  7482 | D:7      | Noticed a gargoyle
  7485 | D:7      | Killed a gargoyle
  7497 | D:7      | Noticed a gargoyle
  7507 | D:7      | Killed a gargoyle
  7507 | D:7      | Reached ***** piety under Okawaru
  7610 | D:7      | Noticed a gargoyle
  7620 | D:7      | Killed a gargoyle
  7620 | D:7      | Reached skill level 10 in Armour
  7885 | D:8      | Noticed Gastronok
  8014 | D:8      | Found a staircase to the Lair.
  8058 | D:8      | Reached skill level 10 in Fighting
  8058 | D:8      | Reached skill level 13 in Axes
  8216 | D:8      | Killed Gastronok
  8628 | D:8      | Received a gift from Okawaru
  8741 | D:8      | Reached XP level 11. HP: 100/101 MP: 10/10
  9003 | D:8      | Reached skill level 14 in Axes
  9069 | D:9      | Found an opulent altar of Gozag.
  9549 | D:9      | Found an ancient bone altar of Kikubaaqudgha.
  9611 | D:9      | Found a shadowy altar of Dithmenos.
  9700 | D:9      | Found a blossoming altar of Fedhas.
 10024 | D:10     | Entered Level 10 of the Dungeon
 10486 | D:10     | Reached ****** piety under Okawaru
 10848 | D:10     | Reached skill level 15 in Axes
 10882 | D:10     | Received a gift from Okawaru
 11018 | D:5      | Bought a runed scarf for 272 gold pieces
 11088 | Lair:1   | Entered Level 1 of the Lair of Beasts
 11829 | Lair:1   | Noticed a six-headed hydra
 11837 | Lair:1   | Killed a three-headed hydra
 11940 | Lair:1   | Reached XP level 12. HP: 76/112 MP: 8/11
 12399 | Lair:2   | Found a staircase to the Shoals.
 12410 | Lair:2   | Reached skill level 16 in Axes
 12642 | Lair:2   | Noticed a six-headed hydra
 12660 | Lair:2   | Killed a one-headed hydra
 13481 | Lair:2   | Found a staircase to the Snake Pit.
 13570 | Lair:2   | Received a gift from Okawaru
 14347 | Lair:3   | Noticed an eight-headed hydra
 14360 | Lair:3   | Killed a three-headed hydra
 14427 | Lair:3   | Noticed an eight-headed hydra
 14437 | Lair:3   | Killed a four-headed hydra
 14954 | Lair:4   | Noticed an eight-headed hydra
 14969 | Lair:4   | Killed a one-headed hydra
 15176 | Lair:4   | Noticed a death yak
 15192 | Lair:4   | Killed a death yak
 15192 | Lair:4   | Reached XP level 13. HP: 99/124 MP: 8/12
 15304 | Lair:4   | Reached skill level 17 in Axes
 16102 | Lair:5   | Reached skill level 15 in Fighting
 16103 | Lair:5   | Received a gift from Okawaru
 16197 | Lair:5   | Found a frozen archway.
 16219 | Lair:5   | HP: 3/126 [ice dragon/blast of cold (89)]
 16224 | Lair:5   | Killed from afar by an ice dragon

Vault maps used:
D:1:      dpeg_arrival_rhombus, minmay_worlds_worst_comb
D:2:      lemuel_blue_sif_altar
D:3:      chequers_ecumenical_altar_simple
D:4:      minmay_temple_entry_statues_fountains, minmay_ruined_shrine,
          uniq_eustachio
D:5:      marbit_many_paths, ebering_ghost_reflecting_pool, serial_shops, shop,
          first_ration
D:6:      lemuel_round_altar, minmay_misc_feat_diagonals
D:7:      cheibrodos_statue_roulette, lemuel_doored_altar,
          minmay_misc_feat_cross, uniq_joseph, uniq_harold
D:8:      lair_entry_dummy, grunt_pizzeria, uniq_gastronok
D:9:      nicolae_overflow_hidden_temple, minitemple, grunt_gozag_statues
Temple:   eino_temple_water
Lair:1:   beast_lair_carwin_8, lemuel_fruit_tree
Lair:2:   beast_lair_carwin_large_4, minmay_shoals_entry_beasts,
          guppyfry_snake_entry_garden
Lair:4:   serial_forest, infiniplex_forest_lined_room_,
          infiniplex_forest_side_room, infiniplex_forest_lined_room_2,
          infiniplex_forest_lined_2, infiniplex_forest_lined_2,
          infiniplex_forest_corner_1, infiniplex_forest_zigzag_1,
          infiniplex_forest_straight_4, grunt_forest_large_clearing_hut
Lair:5:   dpeg_slime_entry_enclosed_altar,
          portal_ice_cave_entry_animals_and_master

Skill      XL: |  1  2  3  4  5  6  7  8  9 10 11 12 13 |
---------------+----------------------------------------+-----
Axes           | 3 4 5 7 8 10 12 13 15 16 17 | 17.3
Fighting       | 4 5 6 7 9 10 12 14 15 | 15.1
Armour         | 4 5 6 7 9 10 12 13 | 13.9
Shields        | |  3.6

Action                   |  1- 3 |  4- 6 |  7- 9 | 10-12 | 13-15 || total
-------------------------+-------+-------+-------+-------+-------++-------
Melee: War axe           |    62 |   157 |   261 |   705 |   119 ||  1304
       Headbutt          |     9 |    28 |    52 |   207 |    36 ||   332
       Hand axe          |       |       |       |    58 |    11 ||    69
Invok: Heroism           |       |       |       |     2 |       ||     2
  Use: Scroll            |       |       |     8 |     4 |     1 ||    13
       Potion            |       |       |       |       |     2 ||     2
  Eat: Chunk             |     1 |     7 |     8 |    29 |     3 ||    48
       Ration            |       |       |     1 |       |       ||     1
Armor: Chain mail        |    27 |       |       |       |       ||    27
       Plate armour      |    32 |   156 |   190 |   413 |    86 ||   877
Dodge: Dodged            |    34 |    53 |   103 |   228 |    45 ||   463

Table legend:
 A = Non-vault XP
 B = Vault XP
 C = Vault XP percentage of total XP
 D = Non-vault monster count
 E = Vault monster count
 F = Vault count percentage of total count
                 A         B        C        D         E       F
            +---------+---------+-------+---------+---------+-------
      Total |   35393 |   13447 |  27.5 |     373 |      49 |  11.6
            +---------+---------+-------+---------+---------+-------
        D:1 |      34 |       2 |   5.6 |      17 |       1 |   5.6
        D:2 |     130 |       0 |   0.0 |      31 |       0 |   0.0
        D:3 |      64 |       0 |   0.0 |      20 |       0 |   0.0
        D:4 |     517 |     230 |  30.8 |      21 |       5 |  19.2
        D:5 |     951 |     645 |  40.4 |      31 |       2 |   6.1
        D:6 |     685 |       0 |   0.0 |      20 |       0 |   0.0
        D:7 |    1133 |    3137 |  73.5 |      24 |       6 |  20.0
        D:8 |    1416 |    2499 |  63.8 |      37 |       2 |   5.1
        D:9 |    2575 |       0 |   0.0 |      25 |       0 |   0.0
       D:10 |    3567 |       0 |   0.0 |      56 |       0 |   0.0
     Temple |      36 |       0 |   0.0 |       1 |       0 |   0.0
     Lair:1 |    4241 |     945 |  18.2 |      17 |       8 |  32.0
     Lair:2 |    4559 |    3948 |  46.4 |      25 |      18 |  41.9
     Lair:3 |    2671 |       0 |   0.0 |       6 |       0 |   0.0
     Lair:4 |    6516 |    1334 |  17.0 |      24 |       3 |  11.1
     Lair:5 |    6298 |     707 |  10.1 |      18 |       4 |  18.2
            +---------+---------+-------+---------+---------+-------
